 Dungeon Crawl Stone Soup version 0.31.0-11-ge490571c62 (webtiles) character file.

Game seed: 9436325279235516388

173810 jasper the Severer (level 17, -2/241 HPs)
             Began as a Minotaur Berserker on Jan 29, 2024.
             Was a High Priest of Trog.
             Succumbed to a nagaraja's poison arrow
             ... on level 2 of the Snake Pit.
             The game lasted 00:47:51 (30377 turns).

jasper the Severer (Minotaur Berserker)            Turns: 30377, Time: 00:47:52

Health: -2/241     AC: 25    Str: 28    XL:     17   Next: 43%
Magic:  5/5        EV: 13    Int:  4    God:    Trog [*****.]
Gold:   3883       SH: 14    Dex: 18    Spells: 16/16 levels left

rFire   + + .        N - +7 broad axe (antimagic)
rCold   + + .        l - +0 kite shield {rC+}
rNeg    . . .        C - +3 plate armour {rF+}
rPois   +            m - +0 hat "Qisycvef" {Will+}
rElec   .            A - scarf {rC+ rF+}
rCorr   .            R - +0 pair of gloves
SInv    +            e - +1 pair of boots
Will    +++..        U - amulet of Neguthirph {Faith rPois Will+} Stlth
                     L - ring of see invisible
HPRegen 0.60/turn    a - +6 ring of strength
MPRegen 0.09/turn

%: faith
@: berserking (expiring), lethally poisoned (-2 -> -15), studying Ice Magic,
very quick
A: horns 2, retaliatory headbutt
a: Renounce Religion, Berserk, Trog's Hand, Brothers in Arms


You were on level 2 of the Snake Pit.
You worshipped Trog.
Trog was extremely pleased with you.
You visited 5 branches of the dungeon, and saw 25 of its levels.
You also visited: Ice Cave.

You collected 4053 gold pieces.
You spent 170 gold pieces at shops.

Inventory:

Hand Weapons
 j - a +1 broad axe of protection
 B - the +3 war axe of Diet Blood {flame, *Corrode Str+3 SInv}
   (Trog gifted it to you on level 14 of the Dungeon)

   Str+3:     It affects your strength (+3).
   SInv:      It lets you see invisible.
   *Corrode:  It may corrode you when you take damage.
 M - a +0 broad axe
 N - a +7 antimagic broad axe (weapon)
Missiles
 b - 9 curare-tipped darts
 w - 30 poisoned darts
 D - 10 javelins
 Q - a throwing net
 T - 22 boomerangs (quivered)
Armour
 e - a +1 pair of boots (worn)
 l - a +0 kite shield of cold resistance (worn)
 m - the +0 hat "Qisycvef" (worn) {Will+}
   (You acquired it on level 6 of the Dungeon)

   Will+:     It increases your willpower.
 u - a +0 tower shield
 A - a scarf of resistance (worn)
 C - a +3 plate armour of fire resistance (worn)
 R - a +0 pair of gloves (worn)
Jewellery
 a - a +6 ring of strength (right hand)
 L - a ring of see invisible (left hand)
 O - the amulet "Umewubb" {Spirit rC- rN++ rCorr}
   (You took it off an orc knight on level 12 of the Dungeon)

   [amulet of guardian spirit]

   Spirit:    It causes incoming damage to be divided between your reserves of
   health and magic.
   rC-:       It makes you vulnerable to cold.
   rN++:      It greatly protects you from negative energy.
   rCorr:     It protects you from acid and corrosion.
 U - the amulet of Neguthirph (around neck) {Faith rPois Will+}
   (You found it on level 12 of the Dungeon)

   [amulet of faith]

   Faith:     It allows you to gain divine favour quickly.
   rPois:     It protects you from poison Will+: It increases your willpower.
 W - a ring of protection from fire
Wands
 c - a wand of iceblast (4)
 t - a wand of polymorph (4)
 H - a wand of light (9)
 J - a wand of flame (26)
 P - a wand of charming (27)
Scrolls
 h - 2 scrolls of immolation
 k - 6 scrolls of identify
 p - a scroll of fear
 r - 6 scrolls of vulnerability
 s - a scroll of summoning
 z - a scroll of torment
 E - 11 scrolls of teleportation
 K - a scroll of silence
 X - 4 scrolls of enchant armour
 Y - 2 scrolls of blinking
 Z - a scroll of poison
Potions
 f - a potion of might
 g - 6 potions of curing
 i - 4 potions of resistance
 n - 4 potions of enlightenment
 o - 5 potions of attraction
 x - 8 potions of mutation
 y - 6 potions of invisibility
 F - 4 potions of cancellation
 I - 3 potions of haste
 S - a potion of lignification
 V - a potion of heal wounds
Miscellaneous
 d - a sack of spiders
 q - a lightning rod (4/4)


   Skills:
 + Level 17.3 Fighting
 - Level 18.0 Axes
 + Level 17.3 Armour
 - Level 10.0 Dodging
 - Level 15.0 Shields
 - Level 10.0 Evocations


You had 16 spell levels left.
You didn't know any spells.
Your spell library was empty.

Dungeon Overview and Level Annotations

Branches:
Dungeon (15/15)            Temple (1/1) D:6            Lair (5/5) D:9
  Swamp (0/4) Lair:3        Snake (2/4) Lair:2        Slime (0/5) Lair:5
    Orc (2/2) D:10            Elf (0/3) Orc:2        Vaults (0/5) D:14
 Depths (0/4) D:15          IceCv (visited)

Altars:
Ashenzari
Cheibriados
Dithmenos
Elyvilon
Fedhas
Gozag
Hepliaklqana
Kikubaaqudgha
Makhleb
Nemelex Xobeh
Okawaru
Qazlal
Ru
Sif Muna
Trog
Uskayaw
Vehumet
Wu Jian
Xom
Yredelemnul
Zin
The Shining One

Shops:
D:5 :   D:14 *   Orc:2 :=[(   Snake:1 [[


Innate Abilities, Weirdness & Mutations

You have a pair of horns on your head.
You reflexively headbutt those who attack you in melee.


Message History

The splash of poison hits you!
You are poisoned.
You resist.
* * * LOW HITPOINT WARNING * * *
The naga warrior constricts you.
You slice the naga warrior!! Your headbutt misses the naga warrior.
The naga warrior is almost dead.
You barely miss the nagaraja.
You feel very sick.
Unknown command.
You slash the naga warrior!
You kill the naga warrior!
Trog accepts your kill.
You slash the nagaraja!
The nagaraja's magic leaks into the air.
You feel sick. The nagaraja casts a spell at you. The poison arrow hits you!
You are more poisoned.
You partially resist.
* * * LOW HITPOINT WARNING * * *
You slice the nagaraja!!
The nagaraja's magic leaks into the air.
The nagaraja is almost dead.
* * * LOW HITPOINT WARNING * * *
You feel very sick.
You slash the nagaraja!
You kill the nagaraja!
Trog accepts your kill.
Trog appreciates your killing of a magic user.
* * * LOW HITPOINT WARNING * * *
You feel very sick.
You are too berserk!
Unknown command.
* * * LOW HITPOINT WARNING * * *
You feel very sick.
You are too berserk!
You are too berserk!
You feel a strong urge to attack something.
You die...

# ########### #
#.........# #
#.........# #
#.........# #
########.........# #
##...#............#
###
##......@..###.#.###
#..
#.....).....##...##
##.#
#.....).)...####..##
#..# #...........#
#...# #.##
...........##
##..###.#.
###...#....#
##.....#. ########.#
#.##.... #..
#.##..#. ##.
#..#.##.


There were no monsters in sight!

Vanquished Creatures
  A nagaraja (Snake:2)
  An orc warlord (Orc:1)
  Josephine (Lair:5)
  An ettin (D:15)
  6 hydras
  A peacekeeper (D:14)
  Erica (D:8)
  A catoblepas (Lair:2)
  2 boulder beetles
  5 centaur warriors
  2 ironbound frosthearts (IceCv)
  2 anacondas (Snake:1)
  7 two-headed ogres
  3 naga warriors
  An occultist (D:15)
  2 orc high priests
  3 shock serpents
  5 death yaks
  5 naga sharpshooters
  2 salamander mystics (Snake:1)
  A deep elf knight (D:12)
  Sonja (Orc:1)
  2 skysharks
  A glowing orange brain (D:14)
  9 skeletal warriors
  4 mana vipers
  A naga ritualist (Snake:2)
  2 arcanists
  2 bog bodies (Lair:3)
  2 lindwurms
  3 necromancers (D:15)
  A deep elf pyromancer (D:13)
  3 orc sorcerers (Orc:2)
  3 orc knights (D:12)
  6 cyclopes
  3 salamanders
  A cyclops (shapeshifter) (D:15)
  6 manticores
  12 ugly things
  A meliai (D:12)
  9 elephants
  6 naga magi
  15 black mambas
  12 centaur zombies (D:14)
  14 cane toads
  3 kobold blastminers (Orc:1)
  5 torpor snails (Lair:5)
  5 gargoyles (D:12)
  11 komodo dragons
  2 unseen horrors (D:11)
  6 rime drakes
  A yaktaur (shapeshifter) (D:12)
  2 freezing wraiths (D:12)
  3 kobold demonologists
  2 tengu conjurers
  11 trolls
  A harpy zombie (D:14)
  16 polar bears
  15 blink frogs
  5 hornets (Lair:5)
  4 dream sheep (Lair:3)
  A blink frog (shapeshifter) (D:12)
  2 meliai zombies (D:14)
  16 slime creatures
  10 spriggans (Lair:5)
  3 shadows
  4 wyverns
  4 wraiths (Lair:5)
  55 yaks
  4 vampires
  3 basilisks
  12 vampire mosquitoes
  2 wargs
  2 death yak simulacra (D:15)
  2 steam dragons (D:8)
  4 acid dragons
  19 nagas
  5 hydra simulacra (D:15)
  8 water moccasins
  A sky beast (D:7)
  35 orc warriors
  7 black bears
  A laughing skull (D:12)
  8 centaurs
  66 wolves
  13 boggarts
  3 ogres
  A tengu (shapeshifter) (D:14)
  2 kobold brigands (D:10)
  8 bullfrogs
  6 scorpions
  A gnoll sergeant (D:9)
  13 wights
  15 killer bees
  2 elephant simulacra (D:15)
  An electric eel (D:9)
  8 howler monkeys
  5 hounds
  A bombardier beetle (D:5)
  A gnoll bouda (D:8)
  A jelly (D:5)
  Crazy Yiuf (D:4)
  21 orc priests
  2 iguanas
  42 orc wizards
  A hell rat (D:15)
  16 gnolls
  7 adders
  2 shadow imps
  2 hell rat simulacra (D:15)
  2 ufetubi (D:7)
  A dart slug (D:2)
  4 ribbon worms
  103 orcs
  3 ball pythons
  5 bats
  10 endoplasms
  2 giant cockroaches
  6 goblins
  7 hobgoblins
  10 jackals
  2 quokkas
  3 frilled lizards
  16 kobolds
  7 rats
894 creatures vanquished.

Vanquished Creatures (collateral kills)
  Saint Roka (Orc:2)
  An orc sorcerer (Orc:2)
  An orc warrior (Orc:2)
  An ogre (Orc:2)
  3 orc priests (Orc:2)
  2 orc wizards (Orc:2)
  5 orcs (Orc:2)
14 creatures vanquished.

Vanquished Creatures (others)
  A yak (IceCv)
  An orc wizard (Orc:2)
2 creatures vanquished.

Grand Total: 910 creatures vanquished

Notes
Turn   | Place    | Note
-------+----------+-------------------------------------------
     0 | D:1      | jasper the Minotaur Berserker began the quest for the Orb.
     0 | D:1      | Reached XP level 1. HP: 19/19 MP: 0/0
   154 | D:1      | Reached skill level 4 in Axes
   234 | D:1      | Reached XP level 2. HP: 26/26 MP: 1/1
   646 | D:1      | Reached skill level 5 in Axes
   730 | D:1      | Reached XP level 3. HP: 30/31 MP: 2/2
  1232 | D:2      | Reached ** piety under Trog
  1797 | D:2      | Reached XP level 4. HP: 32/39 MP: 3/3
  1807 | D:2      | Reached skill level 6 in Axes
  2604 | D:3      | Found a faded altar of an unknown god.
  2837 | D:3      | Reached *** piety under Trog
  2913 | D:3      | Reached skill level 7 in Axes
  2913 | D:3      | Reached XP level 5. HP: 45/45 MP: 4/4
  3004 | D:4      | Found a shadowy altar of Dithmenos.
  3111 | D:4      | Reached skill level 8 in Axes
  3131 | D:4      | Reached XP level 6. HP: 27/51 MP: 5/5
  3462 | D:4      | Reached skill level 9 in Axes
  3485 | D:4      | Identified the +11 hammer of Taown {speed, SInv Stlth+}
  3491 | D:4      | Found a runed translucent door.
  3492 | D:4      | Noticed Crazy Yiuf
  3496 | D:4      | Killed Crazy Yiuf
  3993 | D:5      | Entered Level 5 of the Dungeon
  4003 | D:5      | Reached XP level 7. HP: 53/58 MP: 6/6
  4218 | D:5      | Found Retusk's Self-Published Books.
  4376 | D:5      | Reached skill level 10 in Axes
  4728 | D:5      | Reached **** piety under Trog
  5077 | D:6      | Reached skill level 5 in Fighting
  5077 | D:6      | Reached XP level 8. HP: 53/68 MP: 7/7
  5204 | D:6      | Reached skill level 11 in Axes
  5288 | D:6      | Found a staircase to the Ecumenical Temple.
  5542 | D:6      | Reached skill level 5 in Armour
  6301 | D:6      | Identified a scroll of acquirement
  6301 | D:6      | Acquired the +0 hat "Qisycvef" {Will+}
  6370 | Temple   | Entered the Ecumenical Temple
  6742 | D:7      | Reached skill level 12 in Axes
  6936 | D:7      | Reached XP level 9. HP: 78/78 MP: 8/8
  7614 | D:8      | Reached skill level 13 in Axes
  7669 | D:8      | Noticed Erica
  7680 | D:8      | Killed Erica
  8352 | D:9      | Reached XP level 10. HP: 84/89 MP: 9/9
  8374 | D:9      | Found an opulent altar of Gozag.
  8409 | D:9      | Reached skill level 14 in Axes
  8735 | D:9      | Reached skill level 1 in Shields
  8803 | D:9      | Reached ***** piety under Trog
  8826 | D:9      | Found a staircase to the Lair.
  8964 | D:9      | Noticed a two-headed ogre
  8977 | D:9      | Killed a two-headed ogre
  8978 | D:9      | Reached skill level 15 in Axes
  9371 | D:10     | Entered Level 10 of the Dungeon
  9381 | D:10     | Noticed a two-headed ogre
  9400 | D:10     | Killed a two-headed ogre
  9405 | D:10     | Reached XP level 11. HP: 99/99 MP: 10/10
  9616 | D:10     | Found a staircase to the Orcish Mines.
  9842 | D:10     | Found a stormy altar of Qazlal.
  9879 | D:10     | Found a shimmering blue altar of Sif Muna.
  9879 | D:10     | Found a burning altar of Makhleb.
  9879 | D:10     | Found a broken altar of Ashenzari.
  9881 | D:10     | Found a glowing golden altar of the Shining One.
  9882 | D:10     | Found an ornate altar of the Wu Jian Council.
  9883 | D:10     | Found a sacrificial altar of Ru.
  9884 | D:10     | Found a bloodstained altar of Trog.
 10239 | D:11     | Reached skill level 10 in Fighting
 10681 | D:11     | Reached skill level 5 in Shields
 10777 | D:11     | Reached skill level 16 in Axes
 11006 | D:11     | Noticed a two-headed ogre
 11020 | D:11     | Reached skill level 10 in Armour
 11026 | D:11     | Killed a two-headed ogre
 11293 | D:11     | Noticed a centaur warrior
 11302 | D:11     | Killed a centaur warrior
 11311 | D:11     | HP: 5/151 [manticore (9)]
 11327 | D:11     | HP: 1/101 [orc priest/divine providence (14)]
 11709 | D:11     | Reached skill level 17 in Axes
 11899 | D:11     | Noticed a green ugly thing
 11912 | D:11     | Killed a green ugly thing
 12067 | Lair:1   | Entered Level 1 of the Lair of Beasts
 12346 | Lair:1   | Noticed a boulder beetle
 12351 | Lair:1   | Reached XP level 12. HP: 97/110 MP: 11/11
 12393 | Lair:1   | Killed a boulder beetle
 12663 | Lair:1   | Reached skill level 18 in Axes
 13746 | Lair:2   | Noticed a catoblepas
 13771 | Lair:2   | Killed a catoblepas
 13956 | Lair:2   | Found a staircase to the Snake Pit.
 14346 | Lair:3   | Found a staircase to the Swamp.
 14535 | Lair:3   | Received a gift from Trog
 14849 | Lair:3   | Reached skill level 5 in Dodging
 15300 | Lair:3   | Reached skill level 1 in Evocations
 15300 | Lair:3   | Reached XP level 13. HP: 121/122 MP: 12/12
 16341 | Lair:4   | Reached skill level 5 in Evocations
 16820 | Lair:5   | Entered Level 5 of the Lair of Beasts
 16870 | Lair:5   | Noticed Josephine
 16883 | Lair:5   | Killed Josephine
 17292 | Lair:5   | Found a snail-covered altar of Cheibriados.
 17477 | Lair:5   | Found a staircase to the Slime Pits.
 18040 | Lair:5   | Received a gift from Trog
 18261 | Lair:5   | Reached skill level 10 in Evocations
 18478 | Lair:5   | Reached XP level 14. HP: 114/129 MP: 13/13
 18634 | Lair:5   | Identified the +6 plate armour "Vamaby" {-Tele rC+ rN+
                  | SInv}
 19279 | Orc:1    | Entered Level 1 of the Orcish Mines
 19539 | Orc:1    | Noticed Sonja
 19543 | Orc:1    | Killed Sonja
 19960 | Orc:2    | Entered Level 2 of the Orcish Mines
 19965 | Orc:2    | Noticed an orc warlord
 20131 | Orc:2    | Reached ****** piety under Trog
 20226 | Orc:2    | an orc warlord changed into a death yak
 20390 | Orc:2    | Found a staircase to the Elven Halls.
 20636 | Orc:2    | Received a gift from Trog
 20640 | Orc:2    | Noticed an orc warlord
 20681 | Orc:1    | Killed an orc warlord
 20812 | Orc:2    | Found Veaz's Antique Weapon Shoppe.
 20815 | Orc:2    | Found Suphiu Hoigg's Antique Armour Emporium.
 20972 | Orc:2    | Noticed Saint Roka
 20987 | Orc:2    | Killed Saint Roka
 21151 | Orc:2    | Found Vivuqia's Book Shoppe.
 21397 | Orc:2    | Found Biafast's Jewellery Boutique.
 21826 | D:12     | Found a frozen archway.
 21836 | IceCv    | Entered an ice cave
 22031 | IceCv    | Reached skill level 15 in Fighting
 22210 | IceCv    | Reached skill level 15 in Armour
 22213 | IceCv    | Received a gift from Trog
 22237 | IceCv    | Reached XP level 15. HP: 109/141 MP: 14/14
 22249 | IceCv    | Found the +2 Maxwell's thermic engine {flame, freeze, rev}
 22263 | IceCv    | Identified the ring "Taxu" {Wiz Dex+3}
 22426 | D:12     | Reached skill level 10 in Dodging
 22435 | D:12     | Reached XP level 16. HP: 140/149 MP: 15/15
 22802 | D:12     | Reached skill level 10 in Shields
 22814 | D:12     | Identified the amulet "Umewubb" {Spirit rC- rN++ rCorr}
 23313 | D:12     | Identified the amulet of Neguthirph {Faith rPois Will+}
 23315 | D:12     | Identified the +9 war axe of Lobbepry {venom, rPois}
 23373 | D:12     | Received a gift from Trog
 23761 | D:12     | Identified the +0 leather armour "Qurph" {rF+ rC+ Stlth+}
 25110 | D:14     | Found Ipluczaf's General Store.
 25138 | D:14     | Bought a scroll of enchant armour for 75 gold pieces
 25138 | D:14     | Bought a scroll of silence for 95 gold pieces
 25612 | D:14     | Reached skill level 15 in Shields
 25762 | D:14     | Identified the +3 war axe of Diet Blood {flame, *Corrode
                  | Str+3 SInv} (Trog gifted it to you on level 14 of the
                  | Dungeon)
 25762 | D:14     | Received a gift from Trog
 25868 | D:14     | Found a gate to the Vaults.
 26117 | D:14     | Found a basalt altar of Yredelemnul.
 26366 | D:15     | Entered Level 15 of the Dungeon
 26826 | D:15     | Found a staircase to the Depths.
 27040 | D:15     | Reached XP level 17. HP: 147/158 MP: 14/16
 27968 | Snake:1  | Entered Level 1 of the Snake Pit
 28007 | Snake:1  | Received a gift from Trog
 28152 | Snake:1  | Found Kehiacof's Antique Armour Shop.
 28156 | Snake:1  | Found Xuwuhuuh's Antique Armour Boutique.
 29697 | Snake:2  | Received a gift from Trog
 30373 | Snake:2  | HP: 9/241 [nagaraja/poison arrow (17)]
 30375 | Snake:2  | HP: 3/241 [poisoned by a nagaraja (poison arrow)]
 30376 | Snake:2  | HP: 1/241 [poisoned by a nagaraja (poison arrow)]
 30377 | Snake:2  | Succumbed to a nagaraja's poison arrow

Illustrated notes

Levels and vault maps discovered:
D:1:      lemuel_arrival_lava_pool, layout_loops_ring
D:2:      minmay_chambers_of_twos, layout_basic, serial_glass, glass_columns_b,
          glass_columns_a, item_on_display_a, due_unseen_surprise,
          feat_on_display, minmay_strange_pillars, minmay_tetromino_i2
D:3:      layout_basic, shapermc_ecumenical_altar_mp_vishouse
D:4:      layout_loops_ring, marbit_many_paths, minmay_ruptured,
          uniq_crazy_yiuf_cottage
D:5:      layout_loops_cross, nicolae_custom_books, minivault_23
D:6:      layout_layer_cave, minmay_temple_entry_nine_rooms,
          cheibrodos_sewer_entry_bend
D:7:      layout_gridville, enter_ossuary_5
D:8:      layout_basic, uniq_erica
D:9:      layout_long_grid, mainiacjoe_overflow_chevrons, erik_lair_island
D:10:     layout_roguey, kennysheep_mini_moat, minitemple, orc_0_dummy
D:11:     minmay_razor_zed, layout_gridville
D:12:     minmay_the_grid_square_5x5_5x5
          [minmay_the_grid_square_5x5_hollow_slash,
          minmay_the_grid_square_5x5_inner_i,
          minmay_the_grid_square_5x5_misaligned,
          minmay_the_grid_square_5x5_bracketed, minmay_the_grid_square_5x5_n,
          minmay_the_grid_square_5x5_tie,
          minmay_the_grid_square_5x5_prize_itemx,
          minmay_the_grid_square_5x5_eight,
          minmay_the_grid_square_5x5_prize_junk,
          minmay_the_grid_square_5x5_fancy_junction,
          minmay_the_grid_square_5x5_c, minmay_the_grid_square_5x5_bite,
          minmay_the_grid_square_5x5_prize_snowflake,
          minmay_the_grid_square_5x5_shrine1, minmay_the_grid_square_5x5_corner,
          minmay_the_grid_square_5x5_trominoes,
          minmay_the_grid_square_5x5_prize_gold,
          minmay_the_grid_square_5x5_spiral_small,
          minmay_the_grid_square_5x5_prize_rear_guard,
          minmay_the_grid_square_5x5_two_small,
          minmay_the_grid_square_5x5_bridge,
          minmay_the_grid_square_5x5_half_checkered,
          minmay_the_grid_square_5x5_shuriken,
          minmay_the_grid_square_5x5_checkered_sparse,
          minmay_the_grid_square_5x5_checkered_statues], layout_stronghold,
          portal_ice_cave_rime, gauntlet_entry_generic
D:13:     layout_loops_ring
D:14:     layout_roguey, hellmonk_vaults_order_and_chaos, minmay_fountain_box,
          nicolae_inconvenience_store, nicolae_yredelemnul_corpse_copse
D:15:     hangedman_depths_entry_civil_slaughter, layout_basic, moated_statue,
          eino_house_with_fridge
Temple:   minmay_temple_bridge_abc
Lair:1:   layout_long_grid
Lair:2:   layout_chaotic_city, guppyfry_snake_entry_island
Lair:3:   layout_layer_cave, skrybe_swamp_entry_bodies, grunt_megastairs_1
Lair:4:   layout_cave_pods, nicolae_quartered_pool_impasse, serial_bayou_shore_b
Lair:5:   minmay_lair_end_enchanted_forest, layout_loops_ring, slime_entry_1,
          kennysheep_snail_temple, uniq_josephine
Snake:1:  layout_onion, minmay_shoptagon, grunt_megastairs_4
Snake:2:  layout_rooms, grunt_megastairs_5, serial_bayou_shore_b,
          lemuel_fruit_tree
Orc:1:    layout_caves, nicolae_orc_seminary, uniq_sonja
Orc:2:    grunt_orc_community_town_hall, layout_caves,
          grunt_orc_community_big_house_1, grunt_orc_community_big_house_2,
          grunt_orc_community_house_3, grunt_orc_community_house_3,
          grunt_orc_community_house_3, grunt_orc_community_house_1,
          grunt_orc_community_house_1, grunt_orc_community_house_3, basic_altar,
          uniq_saint_roka

Skill      XL: |  1  2  3  4  5  6  7  8  9 10 11 12 13 14 15 16 17 |
---------------+----------------------------------------------------+-----
Axes           | 4 5 7 8 9 10 12 13 15 17 18 | 18.0
Fighting       | 5 6 8 9 11 13 15 17 | 17.3
Armour         | 4 6 7 9 10 12 13 15 17 | 17.3
Shields        | 3 5 8 15 | 15.0
Dodging        | 5 9 10 | 10.0
Evocations     | 1 10 | 10.0

Action                     |  1- 3 |  4- 6 |  7- 9 | 10-12 | 13-15 | 16-18 || total
---------------------------+-------+-------+-------+-------+-------+-------++-------
  Melee: Hand axe          |    98 |    78 |       |       |       |       ||   176
         Headbutt          |     9 |    11 |    29 |   123 |   236 |   311 ||   719
         Punch             |     2 |       |     3 |     2 |       |       ||     7
         Mace              |       |     6 |   173 |   170 |    12 |    30 ||   391
         Broad axe         |       |       |       |   358 |  1004 |   970 ||  2332
         War axe           |       |       |       |       |       |     9 ||     9
   Fire: Sling             |       |    73 |    55 |       |       |       ||   128
  Throw: Stone             |     3 |       |     3 |       |     5 |       ||    11
         Boomerang         |       |       |       |       |       |     1 ||     1
 Invoke: Berserk           |     1 |     3 |     1 |     7 |     3 |     2 ||    17
         Trog's Hand       |       |     1 |     2 |     2 |     4 |    11 ||    20
         Brothers in Arms  |       |       |       |       |     1 |       ||     1
  Evoke: Wand              |       |       |       |     4 |     5 |     2 ||    11
    Use: Scroll            |     1 |       |    17 |     5 |     7 |     8 ||    38
         Potion            |       |       |       |     1 |     1 |     1 ||     3
   Stab: Distracted        |       |       |       |       |     1 |       ||     1
 Armour: Animal skin       |    28 |       |       |       |       |       ||    28
         Leather armour    |    38 |     4 |       |       |       |       ||    42
         Scale mail        |       |    71 |    90 |       |       |       ||   161
         Ring mail         |       |     2 |       |       |       |       ||     2
         Plate armour      |       |       |     2 |   381 |   545 |   583 ||  1511
  Dodge: Dodged            |    56 |    45 |    55 |   111 |   284 |   297 ||   848
  Block: Other             |       |    21 |    39 |     8 |       |       ||    68
         Reflection        |       |       |     5 |     3 |    19 |       ||    27
         Buckler           |       |       |       |   215 |   319 |       ||   534
         Kite shield       |       |       |       |       |   263 |   599 ||   862
